Match 27984745
Unlisted

Match 27984745
End
Construct Infanterie Kompanie
Pioneer Squad
Kettenkrad Recon Vehicle
MG 42 Machine Gun Team
Grenadier Squad
Grenadier Squad
MG 42 Bunker
MG 42 Bunker
Medical Station
MG 42 Bunker
GrW 34 Mortar Team
Construct Luftwaffe Kompanie
MG 42 Bunker
Medical Bunker
Support Elements
MG 42 Bunker
Wirbelwind Flakpanzer
Construct Panzergrenadier Kompanie
Selects Luftwaffe Battlegroup
Selects Luftwaffe Pioneer Support
Selects Stuka Strafing Run
Selects Stuka Strafing Run
Selects Fallschirmjäger Squad Paradrop
Selects Luftwaffe Pioneer Support
Selects Flak 38 Anti-Air Emplacement
Grenadier Squad
Stuka Strafing Run
Nebelwerfer 42 Rocket Launcher Team
Pak 40 Anti-tank Gun Team
Fallschirmpioneer Squad Paradrop
Selects Flak 36 Anti-tank Gun Emplacement
Construct Panzer Kompanie
MG 42 Bunker
MG 42 Bunker
Sturmpanzer IV Brummbär
Selects Stuka Loiter
Stuka Loiter
Stuka Strafing Run
MG 42 Bunker
Stuka Strafing Run
Pak 40 Anti-tank Gun Team
MG 42 Bunker
Side Skirts
Stuka Loiter
Panzer IV Medium Tank
Stuka Strafing Run
Panzer IV Medium Tank
Sturmpanzer IV Brummbär
Stuka Loiter
Stuka Strafing Run
Fallschirmpioneer Squad Paradrop
MG 42 Bunker
Stuka Strafing Run
MG 42 Bunker
Fallschirmpioneer Squad Paradrop
Fallschirmjäger Squad Paradrop
maku
Thank You Chef
CommieRed
haywire500
my worst self
Friendly Mouse(Poxie)
鬼火骚年
Chuy704
0
0

Comments sign in to comment!

No comments posted yet!